 Dungeon Crawl Stone Soup version 0.30.1-9-gdf580d7c3d (webtiles) character file.

Game seed: 12844770191822487966

90 Peloso the Covered (level 4, -2/40 HPs)
             Began as a Minotaur Fighter on Oct 20, 2023.
             Slain by Sigmund
             ... wielding a +4 scythe of freezing
              (11 damage)
             ... on level 2 of the Dungeon.
             The game lasted 00:02:09 (1300 turns).

Peloso the Covered (Minotaur Fighter)               Turns: 1300, Time: 00:02:09

Health: -2/40      AC:  7    Str: 21    XL:     4   Next: 32%
Magic:  3/3        EV:  9    Int:  5    God:
Gold:   63         SH:  4    Dex: 11    Spells: 3/3 levels left

rFire   . . .        a - +0 long sword
rCold   . . .        c - +0 buckler
rNeg    . . .        b - +0 scale mail
rPois   .            (helmet restricted)
rElec   .            (no cloak)
rCorr   .            (no gloves)
SInv    .            (no boots)
Will    .....        (no amulet) Stlth
                     (no ring)
HPRegen 0.26/turn    (no ring)
MPRegen 0.08/turn

%: no passive effects
@: no status effects
A: horns 2, retaliatory headbutt
a: no special abilities


You were on level 2 of the Dungeon.
You visited 1 branch of the dungeon, and saw 2 of its levels.

You collected 63 gold pieces.

Inventory:

Hand Weapons
 a - a +0 long sword (weapon)
Armour
 b - a +0 scale mail (worn)
 c - a +0 buckler (worn)
Jewellery
 g - an amulet of guardian spirit
Scrolls
 e - a scroll of summoning {unknown}
 h - a scroll of magic mapping {unknown}
 i - a scroll of fog {unknown}
 j - a scroll of identify
Potions
 d - a potion of might
 f - 3 potions of heal wounds


   Skills:
 + Level 4.1 Fighting
 + Level 3.9 Long Blades
 + Level 4.5 Armour
 + Level 0.1 Dodging
 + Level 0.1 Stealth
 + Level 4.1 Shields


You had 3 spell levels left.
You didn't know any spells.
Your spell library was empty.

Dungeon Overview and Level Annotations

Branches:
Dungeon (2/15)

Altars:

Annotations:
D:2 Sigmund


Innate Abilities, Weirdness & Mutations

You have a pair of horns on your head.
You reflexively headbutt those who attack you in melee.


Message History

The adder is severely wounded.
The adder bites you. x2
You miss the adder. You headbutt the adder.
You kill the adder!
You see here an adder corpse.
Things that are here:
a +0 dagger of speed; 2 stones A kobold comes into view.
It is wielding a +0 club.
Found a spear and a shortbow.
The kobold shouts!
The kobold moves out of view.
Sigmund the Dreaded comes into view.
He is wielding a +4 scythe of freezing.
Sigmund is nearby!
The kobold throws a stone.
You block the stone.
The kobold throws a stone.
The stone hits you but does no damage.
Sigmund gestures wildly while chanting.
Sigmund flickers and vanishes!
Deactivating autopickup; reactivate with Ctrl-A.
The kobold throws a stone.
You block the stone.
The kobold throws a stone.
The stone hits you but does no damage. Something hits you.
Something freezes you. The kobold hits you with a +0 club.
You hit the kobold. Your headbutt misses the kobold.
The kobold is severely wounded.
The kobold barely misses you. Something hits you! Something freezes you.
The kobold hits you with a +0 club.
You barely miss the kobold. You headbutt the kobold.
You kill the kobold!
You block something's attack.
Things that are here:
a +0 club; 4 stones; a kobold corpse You closely miss something.
You block something's attack.
You barely miss something. You block something's attack.
You barely miss something. Your headbutt misses something. Something hits you.
Something freezes you.
You barely miss something. Something hits you!
* * * LOW HITPOINT WARNING * * *
Something freezes you.
* * * LOW HITPOINT WARNING * * *
You closely miss something. Something hits you!
You die...

##############
..##........## ##)##
#.##.#####.#.##
......##.##.####.###.##
#.......{@......## ##.#
......##.##.####.###.##
..... #.##.#####.#.##
.... ..##........## #..
##)#########.# .. ..#
#.##### # #########
#.....# #.......#
#####.# #.......# #.#


There were no monsters in sight!

Vanquished Creatures
  5 adders (D:2)
  3 dart slugs (D:1)
  2 endoplasms
  A giant cockroach (D:1)
  3 goblins (D:1)
  4 hobgoblins (D:1)
  3 quokkas
  3 ball pythons
  6 bats (D:1)
  2 frilled lizards (D:1)
  5 kobolds
  4 rats
41 creatures vanquished.

Vanquished Creatures (others)
  A frilled lizard (D:1)
1 creature vanquished.

Grand Total: 42 creatures vanquished

Notes
Turn   | Place    | Note
-------+----------+-------------------------------------------
     0 | D:1      | Peloso the Minotaur Fighter began the quest for the Orb.
     0 | D:1      | Reached XP level 1. HP: 19/19 MP: 0/0
   256 | D:1      | Reached XP level 2. HP: 27/27 MP: 1/1
   593 | D:1      | Reached XP level 3. HP: 33/33 MP: 2/2
  1137 | D:2      | Reached XP level 4. HP: 40/40 MP: 3/3
  1282 | D:2      | Noticed Sigmund
  1300 | D:2      | Slain by Sigmund

Illustrated notes

Levels and vault maps discovered:
D:1:      dpeg_arrival_boxorama, layout_basic, st_stairs_2
D:2:      layout_loops_cross, grunt_ministairs_8, grunt_decor_clamped,
          uniq_sigmund

Skill      XL: |  1  2 |
---------------+-------+-----
Fighting       | 4 |  4.1
Long Blades    | 3 |  3.9
Shields        | 4 |  4.1
Armour         | 4 |  4.5
Dodging        | |  0.1
Stealth        | |  0.1

Action                     |  1- 3 |  4- 6 || total
---------------------------+-------+-------++-------
  Melee: Long sword        |    82 |    16 ||    98
         Headbutt          |     8 |     3 ||    11
    Use: Scroll            |     3 |       ||     3
 Armour: Scale mail        |    54 |    10 ||    64
  Dodge: Dodged            |    41 |     8 ||    49
  Block: Buckler           |    21 |     9 ||    30
